 Dungeon Sprint DCSS version 0.30-a0-4-ga7cffc901d (webtiles) character file.

Game seed: 8891124062862676241

61604 enile the Slayer (level 14, -19/159 HPs)
             Began as a Minotaur Monk on Aug 20, 2022.
             Was the Champion of Jiyva.
             Killed from afar by a hellion (40 damage)
             ... with damnation
             ... in the Dungeon (Sprint V: "Ziggurat Sprint").
             The game lasted 00:17:18 (1246 turns).

enile the Slayer (Minotaur Monk)                    Turns: 1246, Time: 00:17:18

Health: -19/159    AC: 33    Str: 25    XL:     14   Next: 61%
Magic:  0/13       EV:  7    Int: 10    God:    Jiyva [******]
Gold:   0          SH: 30    Dex: 16    Spells: 13/13 levels left

rFire   + + +      SeeInvis .    G - +6 shillelagh "Devastator" {shatter}
rCold   + . .      Faith    .    E - +18 shield of the Gong {rElec rN+ Will+ EV-5}
rNeg    + + .      Spirit   +    I - +7 gold dragon scales
rPois   +          Reflect  .    F - +2 hat of the Bear Spirit {Spirit, *Rage Will++}
rElec   +          Harm     +    w - scarf {harm}
rCorr   +          Rampage  .    (no gloves)
Will    ++++.      Rage     20%  (boots unavailable)
Stlth   .......... NoTele   +    (no amulet)
HPRegen 1.96/turn                Q - ring of Ascent {*Slow +Blink rF+ rN+ rCorr}
MPRegen 0.63/turn                y - +6 ring of strength

@: on berserk cooldown, slowed, studying 2 skills, invisible (expiring), very
slow
A: horns 2, retaliatory headbutt, hooves 3, agile 1, clever 1, fire resistance
3, wild magic 1
a: Renounce Religion, Evoke Blink, Oozemancy, Slimify


You were in the Dungeon.
You worshipped Jiyva.
Jiyva was exalted by your worship.
You visited 1 branch

Inventory:

Hand Weapons
 a - the +2 lajatang of Mana {spect, SInv}
   (You found it in the Dungeon)

   When its wielder attacks, the weapon's spirit leaps out and strikes again.
   The spirit shares a part of any damage it takes with its wielder.
   SInv:      It lets you see invisible.
 C - a +5 broad axe
 D - a +5 executioner's axe
 G - the +6 shillelagh "Devastator" (weapon) {shatter}
   (You found it in the Dungeon)

   It releases a powerful concussive burst when it strikes, dealing extra damage
   to the target and all other foes adjacent to them.
 M - the +7 scimitar "Telaeshu" {vorpal, *Noise rPois rF+ Str+5 Dex+4}
   (You found it in the Dungeon)

   It inflicts extra damage upon your enemies.
   Str:       It affects your strength (+5).
   Dex:       It affects your dexterity (+4).
   rF:        It protects you from fire.
   rPois:     It protects you from poison.
   *Noise:    It may make noises in combat.
Armour
 b - the +3 crown of Dyrovepreva {rElec Int+2 SInv}
   (You found it in the Dungeon)

   Int:       It affects your intelligence (+2).
   rElec:     It insulates you from electricity.
   SInv:      It lets you see invisible.
 w - a scarf of harm (worn)
 E - the +18 shield of the Gong (worn) {rElec rN+ Will+ EV-5}
   (You found it in the Dungeon)

   It is deafeningly noisy when blocking attacks.
   EV:        It affects your evasion (-5).
   rElec:     It insulates you from electricity.
   rN:        It protects you from negative energy.
   Will:      It increases your willpower.
 F - the +2 hat of the Bear Spirit (worn) {Spirit, *Rage Will++}
   (You found it in the Dungeon)

   Going berserk makes the wearer tougher, and they're slowed less afterward.
   *Rage:     It berserks you when you make melee attacks (+20% chance).
   Will:      It greatly increases your willpower.
 H - a +5 crystal plate armour
 I - +7 gold dragon scales (worn)
 J - a +3 tower shield
 S - a +1 pair of boots of rampaging
Jewellery
 m - the ring "Humay" {rElec rPois rC+}
   (You found it in the Dungeon)

   [ring of protection from cold]

   rC:        It protects you from cold.
   rElec:     It insulates you from electricity.
   rPois:     It protects you from poison.
 s - a ring of flight
 t - a +6 ring of dexterity
 u - a +6 ring of dexterity
 x - a +6 ring of strength
 y - a +6 ring of strength (right hand)
 L - an amulet of the acrobat
 P - a +4 ring of evasion
 Q - the ring of Ascent (left hand) {*Slow +Blink rF+ rN+ rCorr}
   (You found it in the Dungeon)

   [ring of positive energy]

   rF:        It protects you from fire.
   rN:        It protects you from negative energy.
   +Blink:    It lets you blink.
   rCorr:     It protects you from acid and corrosion.
   *Slow:     It may slow you when you take damage.
 U - a ring of ice
 V - the ring of Joosan {rPois rC+++ rN+ rCorr Int-5}
   (You found it in the Dungeon)

   [ring of positive energy]

   Int:       It affects your intelligence (-5).
   rC:        It renders you almost immune to cold.
   rPois:     It protects you from poison.
   rN:        It protects you from negative energy.
   rCorr:     It protects you from acid and corrosion.
 X - the ring "Buqitig" {rElec MP+9 Str+4 Dex+6}
   (You took it off a deep elf pyromancer in the Dungeon)

   [ring of dexterity]

   Str:       It affects your strength (+4).
   Dex:       It affects your dexterity (+6).
   rElec:     It insulates you from electricity.
   MP:        It affects your magic capacity (+9).
 Y - the ring "Ruzuaqunk" {rN++ Str+4 Int+6}
   (You found it in the Dungeon)

   [ring of intelligence]

   Str:       It affects your strength (+4).
   Int:       It affects your intelligence (+6).
   rN:        It greatly protects you from negative energy.
 Z - a ring of poison resistance
Wands
 z - a wand of mindburst (4)
 A - a wand of quicksilver (2)
Scrolls
 i - 4 scrolls of blinking
 o - 4 scrolls of amnesia
 p - 6 scrolls of butterflies
 q - 5 scrolls of identify
 r - 2 scrolls of fear
 O - 2 scrolls of brand weapon
 W - 2 scrolls of enchant armour
Potions
 c - a potion of ambrosia
 d - 10 potions of curing
 e - 22 potions of heal wounds
 f - 10 potions of haste
 g - 7 potions of magic
 h - 3 potions of berserk rage
 j - 2 potions of brilliance
 k - a potion of invisibility
 l - 4 potions of resistance
 n - 5 potions of might
Miscellaneous
 v - a phial of floods
 B - a lightning rod (4/4)
 K - a condenser vane
 N - a box of beasts
 R - a phantom mirror
 T - a tin of tremorstones (2/2)


   Skills:
 - Level 24.0 Fighting
 - Level 6.9(11.0) Axes
 - Level 13.3(14.0) Maces & Flails
 + Level 22.8 Armour
 - Level 16.0 Dodging
 - Level 4.7 Stealth
 - Level 10.0 Shields
 - Level 22.0 Evocations


You had 13 spell levels left.
You didn't know any spells.
Your spell library contained the following spells:

 Spells                   Type           Power      Damage    Failure   Level
 Beastly Appendage        Tmut           0%         N/A       100%        1
 Foxfire                  Conj/Fire      0%         2x1d4     100%        1
 Slow                     Hex            0%         N/A       100%        1
 Sting                    Tmut/Pois      0%         1d3       100%        1
 Summon Small Mammal      Summ           0%         N/A       100%        1
 Passwall                 Tmut/Erth      0%         N/A       100%        2
 Poisonous Vapours        Pois/Air       0%         N/A       100%        2
 Scorch                   Fire           0%         2d5       100%        2
 Searing Ray              Conj           0%         2d4       100%        2
 Static Discharge         Conj/Air       0%         3-3/arc   100%        2
 Wereblood                Tmut           0%         N/A       100%        2
 Call Canine Familiar     Summ           0%         N/A       100%        3
 Confusing Touch          Hex            0%         N/A       100%        3
 Inner Flame              Hex/Fire       0%         N/A       100%        3
 Portal Projectile        Hex/Tloc       0%         N/A       100%        3
 Spider Form              Tmut/Pois      0%         N/A       100%        3
 Summon Guardian Golem    Hex/Summ       0%         N/A       100%        3
 Tukima's Dance           Hex            0%         N/A       100%        3
 Vampiric Draining        Necr           0%         2d6       100%        3
 Airstrike                Air            0%         2d(0-16)  100%        4
 Animate Armour           Summ/Erth      0%         N/A       100%        4
 Dispel Undead            Necr           0%         3d6       100%        4
 Leda's Liquefaction      Hex/Erth       0%         N/A       100%        4
 Olgreb's Toxic Radiance  Pois           0%         N/A       100%        4
 Passage of Golubria      Tloc           0%         N/A       100%        4
 Petrify                  Tmut/Erth      0%         N/A       100%        4
 Summon Ice Beast         Ice/Summ       0%         N/A       100%        4
 Summon Lightning Spire   Summ/Air       0%         N/A       100%        4
 Freezing Cloud           Conj/Ice/Air   0%         6-21      100%        5
 Irradiate                Conj/Tmut      0%         3d11      100%        5
 Lightning Bolt           Conj/Air       0%         1d11      100%        5
 Summon Mana Viper        Hex/Summ       0%         N/A       100%        5
 Yara's Violent Unravell  Hex/Tmut       0%         3d3       100%        5
 Eringya's Noxious Bog    Tmut/Pois      0%         N/A       100%        6
 Starburst                Conj/Fire      0%         6d3       100%        6
 Statue Form              Tmut/Erth      0%         N/A       100%        6
 Enfeeble                 Hex            0%         N/A       100%        7
 Monstrous Menagerie      Summ           0%         N/A       100%        7
 Ozocubu's Refrigeration  Ice            0%         4d7       100%        7
 Spellforged Servitor     Conj/Summ      0%         N/A       100%        7
 Ignition                 Fire           0%         3d3       100%        8
 Infestation              Necr           0%         N/A       100%        8
 Lehudib's Crystal Spear  Conj/Erth      0%         10d2      100%        8
 Summon Horrible Things   Summ           0%         N/A       100%        8
 Chain Lightning          Conj/Air       0%         N/A       100%        9
 Fire Storm               Conj/Fire      0%         5d1       100%        9
 Shatter                  Erth           0%         3d5*      100%        9


Dungeon Overview and Level Annotations

Branches:
Dungeon (1/1)

Altars:
Ashenzari
Cheibriados
Dithmenos
Elyvilon
Fedhas
Gozag
Hepliaklqana
Kikubaaqudgha
Makhleb
Nemelex Xobeh
Okawaru
Qazlal
Ru
Sif Muna
Trog
Uskayaw
Vehumet
Wu Jian
Xom
Yredelemnul
Zin
The Shining One
Jiyva
Lugonu


Innate Abilities, Weirdness & Mutations

You have a pair of horns on your head.
You reflexively headbutt those who attack you in melee.
You have hooves in place of feet.
You are agile. (Dex +4, Str/Int -1)
Your mind is acute. (Int +4, Str/Dex -1)
Your flesh is almost immune to the effects of heat. (rF+++)
Your spells are a little harder to cast, but a little more powerful.


Message History

The wendigo fires a burst of electricity at you.
The stunning burst hits your azure jelly!!
Your azure jelly is paralysed.
The stunning burst hits you but does no damage.
You resist.
You hit the nargun but do no damage. Your kick misses the nargun.
Your azure jelly is no longer paralysed.
You bludgeon the nargun!!
The narguns shudder.
You destroy the nargun! x3
You flicker for a moment.
Your azure jelly hits the wendigo!
Your azure jelly freezes the wendigo.
The wendigo completely resists.
Your azure jelly hits the wendigo!
Your azure jelly freezes the wendigo.
The wendigo completely resists.
Your azure jelly misses the wendigo.
Your azure jelly hits the wendigo!
Your Armour skill increases to level 22!
You are too berserk!
The wendigo is struck by lightning.
The Ice Fiend calls on the powers of darkness!
Your azure jelly convulses!
Your body is wracked with pain!
* * * LOW HITPOINT WARNING * * *
The nargun is struck by lightning.
The wendigo claws your azure jelly but does no damage.
The wendigo bites your azure jelly!!
The Ice Fiend calls on the powers of darkness!
Your azure jelly convulses!
Your body is wracked with pain!
* * * LOW HITPOINT WARNING * * *
You are too berserk!
You are too berserk!
You feel a strong urge to attack something.
You are no longer berserk.
You are exhausted.
You feel yourself slow down.
The tormentor grins malevolently.
Your azure jelly completely misses the wendigo. x2
Your azure jelly hits the wendigo! x2
The hellion gestures at you.
The sphere of damnation explodes!
The damnation engulfs you!!!
You die...

▓....)).. §§§§..2...§§§
▓.....).. §§§21§§.R§§
▓.....)). .§§§§§..§
▓......). §§§9§RR
▓......©. . ▓▓§9R1J▓▓
.▓▓▓▓▓▓▓▓▓
..§▓§§R§§§§▓...▓.....8©8
..§§§§§§§§§§...▓.)}[)[).
..§§§§§@§§§§...▓..)[.)).
▓▓▓▓▓▓▓▓▓▓▓▓▓▓▓▓.......J
▓........ ▓........
▓..((...( ▓..(.(..(
▓..▓..... ▓.▓▓▓....
▓..▓...))


You could see 2 Ice Fiends, 5 wendigos, 2 narguns, a hellion (unable to see
you), a tormentor (unable to see you) and a friendly azure jelly (summoned).

Vanquished Creatures
  2 deep elf blademasters (D)
  3 deep elf master archers (D)
  2 shadow dragons (D)
  A nagaraja (D)
  4 narguns (D)
  3 frost giants (D)
  A stone giant (D)
  A black draconian (D)
  2 deep elf annihilators (D)
  4 wendigos (D)
  A deep elf high priest (D)
  A yaktaur captain (D)
  A fire dragon (D)
  An ice dragon (D)
  A hydra (D)
  A centaur warrior (D)
  2 dancing weapons (D)
  A two-headed ogre (D)
  A naga warrior (D)
  An orc high priest (D)
  3 soul eaters (D)
  A death drake (D)
  3 deep elf pyromancers (D)
  A deep elf archer (D)
  A swamp dragon (D)
  A deep elf zephyrmancer (D)
  5 orc knights (D)
  2 wolf spiders (D)
  A shining eye (D)
  An ugly thing (D)
  10 cyclopes (D)
  A salamander (shapeshifter) (D)
  A toenail golem (D)
  2 guardian serpents (D)
  4 black mambas (D)
  A naga mage (D)
  A tormentor (D)
  3 trolls (D)
  2 merfolk (D)
  A tarantella (D)
  A tarantella (shapeshifter) (D)
  An air elemental (D)
  3 jumping spiders (D)
  2 wyverns (D)
  A fire elemental (D)
  2 steam dragons (D)
  3 neqoxecs (D)
  A redback (D)
  A naga (D)
  4 acid dragons (D)
  4 water moccasins (D)
  4 swamp drakes (D)
  2 orc warriors (D)
  3 ogres (D)
  3 centaurs (D)
  A phantom (D)
  6 earth elementals (D)
  A bullfrog (D)
  3 scorpions (D)
  2 wights (D)
  A crimson imp (D)
  An iron imp (D)
  An orc priest (D)
  2 iguanas (D)
  2 adders (D)
  A river rat (D)
  A white imp (D)
  An ufetubus (D)
  2 spectral adders (D)
  2 adder skeletons (D)
  A spectral bat (D)
  6 ball pythons (D)
  3 bat skeletons (D)
  2 ball python skeletons (D)
  A giant cockroach zombie (D)
  A jackal skeleton (D)
  A quokka zombie (D)
156 creatures vanquished.

Vanquished Creatures (collateral kills)
  A deep elf blademaster (D)
  2 deep elf master archers (D)
  A frost giant (D)
  A deep elf elementalist (D)
  2 stone giants (D)
  A deep elf annihilator (D)
  A centaur warrior (D)
  A two-headed ogre (D)
  A dancing weapon (D)
  An orc knight (D)
  A deep elf archer (D)
  An ugly thing (D)
  An orc sorcerer (D)
  2 cyclopes (D)
  An efreet (D)
  A yaktaur (D)
  A tormentor (D)
  An air elemental (D)
  A large abomination (D)
  A warg (D)
  2 orc warriors (D)
  A centaur (D)
  An ogre (D)
  2 small abominations (D)
  A crimson imp (D)
  A shadow imp (D)
31 creatures vanquished.

Vanquished Creatures (others)
  2 azure jellies (D)
  A two-headed ogre (D)
  A large abomination (D)
  18 jellies (D)
  A jackal simulacrum (D)
  A jackal skeleton (D)
  A lurking horror (D)
25 creatures vanquished.

Grand Total: 212 creatures vanquished

Notes
Turn   | Place    | Note
-------+----------+-------------------------------------------
     0 | D        | enile the Minotaur Monk began the quest for the Orb.
     0 | D        | Reached XP level 1. HP: 19/19 MP: 0/0
     0 | D        | Found a shimmering blue altar of Sif Muna.
     0 | D        | Found a sacrificial altar of Ru.
     0 | D        | Found a bloodstained altar of Trog.
     0 | D        | Found a stormy altar of Qazlal.
     0 | D        | Found an iron altar of Okawaru.
     0 | D        | Found a sparkling altar of Nemelex Xobeh.
     0 | D        | Found a blossoming altar of Fedhas.
     0 | D        | Found the +6 Majin-Bo {vamp, MP+6 Int+6}
     0 | D        | Found the +9 heavy crossbow "Sniper" {vorpal, Acc+∞ SInv}
     0 | D        | Found the +10 dark maul {vorpal}
     0 | D        | Found the +15 Maxwell's patent armour {-Cast -Tele rElec
                  | Will+ rCorr}
     0 | D        | Found the +18 shield of the Gong {rElec rN+ Will+ EV-5}
     0 | D        | Found the +14 obsidian axe {vorpal, Mesm Drain Fly SInv}
     0 | D        | Found the +7 great mace "Firestarter" {inner flame, rF++}
     0 | D        | Found the +6 shillelagh "Devastator" {shatter}
     0 | D        | Found the +11 plutonium sword {Contam Stlth-}
     0 | D        | Found the +8 lance "Wyrmbane" {slay drac, rPois rF+ rC+
                  | AC+3}
     0 | D        | Found the +9 sword of Zonguldrok {reap}
     0 | D        | Found the +13 scythe of Curses {drain, Drain}
     0 | D        | Found the +5 sword of Power {vorpal}
     0 | D        | Found the +7 mace of Variability {chain chaos}
     0 | D        | Found the +7 Singing Sword {vorpal, sonic wave}
     0 | D        | Found the +8 storm bow {elec, penet}
     2 | D        | Found a transporter.
     2 | D        | Found an ancient bone altar of Kikubaaqudgha.
     2 | D        | Found a viscous altar of Jiyva.
     2 | D        | Found a corrupted altar of Lugonu.
     2 | D        | Found a hazy altar of Hepliaklqana.
     2 | D        | Found a burning altar of Makhleb.
     2 | D        | Found an opulent altar of Gozag.
    36 | D        | Became a worshipper of Jiyva Josob the Shapeless
    36 | D        | Reached * piety under Jiyva
    36 | D        | Reached ** piety under Jiyva
    38 | D        | Killed an azure jelly
   118 | D        | Reached skill level 7 in Fighting
   118 | D        | Reached XP level 2. HP: 34/34 MP: 1/1
   135 | D        | Entered arena 2.
   135 | D        | Noticed a merfolk
   135 | D        | Noticed a merfolk
   135 | D        | Found a transporter.
   139 | D        | Killed a merfolk
   140 | D        | Reached skill level 9 in Fighting
   140 | D        | Reached XP level 3. HP: 44/44 MP: 2/2
   140 | D        | Reached XP level 4. HP: 50/50 MP: 3/3
   140 | D        | Reached XP level 5. HP: 57/57 MP: 4/4
   144 | D        | Killed a merfolk
   145 | D        | Reached skill level 10 in Fighting
   145 | D        | Reached XP level 6. HP: 66/66 MP: 5/5
   150 | D        | Entered arena 3.
   150 | D        | Found a transporter.
   156 | D        | Got the ring "Humay" {rElec rPois rC+}
   160 | D        | Entered arena 4.
   160 | D        | Found a transporter.
   164 | D        | Reached XP level 7. HP: 72/72 MP: 6/6
   173 | D        | Entered arena 5.
   173 | D        | Noticed a jumping spider
   173 | D        | Noticed a jumping spider
   173 | D        | Noticed a tarantella
   173 | D        | Found a transporter.
   175 | D        | Killed a tarantella
   176 | D        | Reached skill level 10 in Evocations
   176 | D        | Reached skill level 12 in Fighting
   178 | D        | Killed a jumping spider
   179 | D        | Reached skill level 13 in Fighting
   180 | D        | Killed a jumping spider
   181 | D        | Reached skill level 14 in Fighting
   181 | D        | Reached XP level 8. HP: 90/90 MP: 7/7
   224 | D        | Entered arena 6.
   224 | D        | Noticed a slime creature
   224 | D        | Reached *** piety under Jiyva
   224 | D        | Found a transporter.
   230 | D        | Got the +7 scimitar "Telaeshu" {vorpal, *Noise rPois rF+
                  | Str+5 Dex+4}
   232 | D        | Entered arena 7.
   232 | D        | Noticed a wolf spider
   232 | D        | Noticed a jumping spider
   232 | D        | Noticed a wolf spider
   233 | D        | Found a transporter.
   238 | D        | Killed a wolf spider
   238 | D        | Killed a jumping spider
   239 | D        | Reached skill level 15 in Fighting
   239 | D        | Reached skill level 10 in Dodging
   240 | D        | Reached skill level 5 in Armour
   240 | D        | Killed a wolf spider
   241 | D        | Reached XP level 9. HP: 45/97 MP: 8/8
   284 | D        | Got the Incunable of Concussion
   295 | D        | Entered arena 8.
   295 | D        | Gained mutation: You are agile. (Dex +4, Str/Int -1)
                  | [Jiyva's grace]
   295 | D        | Gained mutation: You are very agile. (Dex +8, Str/Int -2)
                  | [Jiyva's grace]
   295 | D        | Gained mutation: You have large cloven feet. [Jiyva's
                  | grace]
   295 | D        | Gained mutation: You have hoof-like feet. [Jiyva's grace]
   298 | D        | Reached skill level 10 in Armour
   301 | D        | Found a transporter.
   339 | D        | Got the ring of Ascent {*Slow +Blink rF+ rN+ rCorr}
   357 | D        | Entered arena 9.
   357 | D        | Noticed a toenail golem
   364 | D        | Killed a toenail golem
   365 | D        | Found a transporter.
   429 | D        | Entered arena 10.
   429 | D        | Noticed a purple ugly thing
   429 | D        | Noticed a salamander
   429 | D        | Noticed a red ugly thing
   429 | D        | Noticed a shining eye
   435 | D        | Reached XP level 10. HP: 105/105 MP: 9/9
   437 | D        | Killed a shining eye
   438 | D        | Killed a green ugly thing
   438 | D        | Killed a green ugly thing
   439 | D        | Reached skill level 15 in Armour
   440 | D        | Killed a salamander
   454 | D        | Found a transporter.
   476 | D        | Entered arena 11.
   476 | D        | Reached **** piety under Jiyva
   481 | D        | Found a transporter.
   491 | D        | Got the ring of Joosan {rPois rC+++ rN+ rCorr Int-5}
   494 | D        | Got Asmodeus's Essays on Creative Fire
   503 | D        | Entered arena 12.
   503 | D        | Noticed a deep elf master archer
   503 | D        | Noticed a deep elf blademaster
   503 | D        | Noticed a deep elf blademaster
   503 | D        | Noticed a deep elf pyromancer
   503 | D        | Paralysed by an air elemental for 1 turns
   503 | D        | Noticed a +2 short sword of freezing
   503 | D        | Noticed a +3 hand axe of electrocution
   504 | D        | Noticed a deep elf annihilator
   504 | D        | Killed a deep elf pyromancer
   504 | D        | Noticed a deep elf zephyrmancer
   504 | D        | Identified the ring "Buqitig" {rElec MP+9 Str+4 Dex+6}
   504 | D        | Noticed a deep elf pyromancer
   506 | D        | Killed a +2 short sword of freezing
   506 | D        | Killed a deep elf annihilator
   506 | D        | Killed a +3 hand axe of electrocution
   506 | D        | Killed a deep elf pyromancer
   506 | D        | Killed a deep elf zephyrmancer
   506 | D        | Killed a deep elf blademaster
   507 | D        | Reached skill level 15 in Evocations
   507 | D        | Reached XP level 11. HP: 108/112 MP: 10/10
   507 | D        | Killed a deep elf blademaster
   507 | D        | Killed a deep elf master archer
   507 | D        | Paralysed by an air elemental for 1 turns
   508 | D        | Reached skill level 17 in Fighting
   512 | D        | Found a transporter.
   519 | D        | Got the ring "Ruzuaqunk" {rN++ Str+4 Int+6}
   543 | D        | Got Sif Muna's Guide on Altered Necromancy
   559 | D        | Entered arena 13.
   559 | D        | Noticed a death drake
   559 | D        | Noticed a seven-headed hydra
   559 | D        | Noticed a swamp dragon
   559 | D        | Noticed an ice dragon
   560 | D        | Noticed a fire dragon
   562 | D        | Killed a seven-headed hydra
   563 | D        | Reached skill level 18 in Fighting
   564 | D        | Killed a death drake
   565 | D        | Reached skill level 19 in Fighting
   566 | D        | Killed a fire dragon
   566 | D        | Killed an ice dragon
   566 | D        | Killed a swamp dragon
   567 | D        | Reached skill level 20 in Fighting
   567 | D        | Reached XP level 12. HP: 121/133 MP: 11/11
   573 | D        | Found a transporter.
   596 | D        | Entered arena 14.
   596 | D        | Reached ***** piety under Jiyva
   597 | D        | Noticed a shadow dragon
   597 | D        | Noticed a shadow dragon
   609 | D        | Found a transporter.
   610 | D        | Killed a shadow dragon
   620 | D        | Killed a shadow dragon
   677 | D        | Got the +2 lajatang of Mana {spect, SInv}
   679 | D        | Entered arena 15.
   679 | D        | Gained mutation: You have hooves in place of feet. [Jiyva's
                  | grace]
   679 | D        | Gained mutation: Your mind is acute. (Int +4, Str/Dex -1)
                  | [Jiyva's grace]
   679 | D        | Gained mutation: Your mind is very acute. (Int +8, Str/Dex
                  | -2) [Jiyva's grace]
   679 | D        | Gained mutation: Your flesh is heat resistant. (rF+)
                  | [Jiyva's grace]
   680 | D        | Noticed a black draconian
   681 | D        | Identified the +10 mace of Ruination {venom, Dex+3}
   689 | D        | Killed a black draconian
   696 | D        | Reached skill level 10 in Maces & Flails
   722 | D        | Found a transporter.
   751 | D        | Got the Anthology of the Flamy Lithosphere
   759 | D        | Entered arena 16.
   760 | D        | Noticed a deep elf annihilator
   760 | D        | Noticed a deep elf blademaster
   760 | D        | Noticed a deep elf master archer
   760 | D        | Found the +2 hat of the Bear Spirit {Spirit, *Rage Will++}
   760 | D        | Paralysed by an air elemental for 1 turns
   760 | D        | Noticed a deep elf master archer
   761 | D        | Noticed a deep elf master archer
   761 | D        | Identified the +3 leather armour of Tiritrau {rElec Dex+6}
   761 | D        | Noticed a deep elf elementalist
   763 | D        | Noticed a deep elf high priest
   764 | D        | Killed a deep elf annihilator
   764 | D        | Killed a deep elf master archer
   767 | D        | Killed a deep elf blademaster
   767 | D        | Paralysed by an air elemental for 1 turns
   767 | D        | Killed a deep elf high priest
   768 | D        | Killed a deep elf master archer
   769 | D        | Reached XP level 13. HP: 103/139 MP: 7/12
   769 | D        | Killed a deep elf elementalist
   770 | D        | Reached skill level 15 in Dodging
   770 | D        | Slimified a deep elf master archer
   770 | D        | Noticed an acid blob
   770 | D        | a deep elf master archer changed into an acid blob
   773 | D        | Identified the +7 morningstar "Minotaur's Bane" {pain, rF-
                  | Str+3 Dex+2}
   773 | D        | Noticed a deep elf annihilator
   788 | D        | Killed a deep elf annihilator
   811 | D        | Found the +3 crown of Dyrovepreva {rElec Int+2 SInv}
   812 | D        | Found a transporter.
   819 | D        | Got the Volume of Putrid Gloom
   851 | D        | Entered arena 17.
   854 | D        | Noticed a deep elf master archer
   857 | D        | Identified the ring of Serch {Fire Drain Will+ Stlth+}
   857 | D        | Noticed a deep elf master archer
   859 | D        | Killed a deep elf master archer
   860 | D        | Reached skill level 21 in Fighting
   861 | D        | Reached skill level 22 in Fighting
   862 | D        | Killed a deep elf master archer
   876 | D        | Identified the +10 halberd of Rublinne {vorpal, Str-4 Int+7
                  | Stlth+}
   881 | D        | Found a transporter.
   917 | D        | Entered arena 18.
   921 | D        | Lost mutation: You are very agile. (Dex +8, Str/Int -2)
                  | [Jiyva's grace]
   921 | D        | Lost mutation: Your mind is very acute. (Int +8, Str/Dex
                  | -2) [Jiyva's grace]
   921 | D        | Lost mutation: Your flesh is heat resistant. (rF+) [Jiyva's
                  | grace]
   921 | D        | Gained mutation: Your flesh is heat resistant. (rF+)
                  | [Jiyva's grace]
   921 | D        | Gained mutation: Your flesh is very heat resistant. (rF++)
                  | [Jiyva's grace]
   921 | D        | Gained mutation: Your flesh is almost immune to the effects
                  | of heat. (rF+++) [Jiyva's grace]
   921 | D        | Gained mutation: Your spells are a little harder to cast,
                  | but a little more powerful. [Jiyva's grace]
   921 | D        | Noticed a stone giant
   923 | D        | Killed a stone giant
   947 | D        | Found a transporter.
  1010 | D        | Entered arena 19.
  1010 | D        | Noticed a frost giant
  1010 | D        | Noticed a frost giant
  1010 | D        | Noticed a stone giant
  1012 | D        | Noticed a stone giant
  1014 | D        | Killed a stone giant
  1014 | D        | Killed a frost giant
  1015 | D        | Reached XP level 14. HP: 128/154 MP: 9/13
  1016 | D        | Noticed a frost giant
  1020 | D        | Slimified a frost giant
  1020 | D        | Noticed an azure jelly
  1020 | D        | a frost giant changed into an azure jelly
  1028 | D        | Killed an azure jelly
  1029 | D        | Noticed a frost giant
  1029 | D        | Killed a stone giant
  1030 | D        | Killed a frost giant
  1041 | D        | Killed a frost giant
  1111 | D        | Found the +10 Black Knight's barding {ponderous, rPois rN+}
  1113 | D        | Found a transporter.
  1131 | D        | Got the Dissertation on the Birds and Transmogrification
  1144 | D        | Entered arena 20.
  1149 | D        | Reached ****** piety under Jiyva
  1149 | D        | Found the ring of the Mage {Wiz Archmagi}
  1151 | D        | Noticed a nagaraja
  1153 | D        | Reached skill level 10 in Shields
  1159 | D        | Found a transporter.
  1164 | D        | Killed a nagaraja
  1165 | D        | Reached skill level 23 in Fighting
  1202 | D        | Got the Codex of Mutualism
  1226 | D        | Entered arena 21.
  1226 | D        | Noticed a frost giant
  1226 | D        | Noticed a nargun
  1226 | D        | Paralysed by a wendigo for 1 turns
  1227 | D        | Noticed a nargun
  1228 | D        | Noticed a nargun
  1231 | D        | Noticed a nargun
  1233 | D        | Noticed an Ice Fiend
  1234 | D        | Reached skill level 24 in Fighting
  1235 | D        | Noticed a nargun
  1237 | D        | Killed a nargun
  1237 | D        | Killed a frost giant
  1237 | D        | Noticed a nargun
  1239 | D        | Noticed an Ice Fiend
  1244 | D        | Killed a nargun
  1244 | D        | Killed a nargun
  1244 | D        | Killed a nargun
  1246 | D        | Killed from afar by a hellion

Illustrated notes

Levels and vault maps discovered:
D:        sprint_v [room_start, room_1, room_2, room_3, room_4, room_5, room_6,
          room_7, room_8, room_9, room_10, room_11, room_12, room_13, room_14,
          room_15, room_16, room_17, room_18, room_19, room_20, room_21,
          room_22, room_23, room_24, room_25, room_26, room_27]

Skill      XL: |  1  2  3  4  5  6  7  8  9 10 11 12 13 14 |
---------------+-------------------------------------------+-----
Fighting       | 7 9 10 14 15 20 22 24 | 24.0
Evocations     | 4 8 9 10 15 18 22 | 22.0
Axes           | 6 |  6.9
Dodging        | 6 10 12 13 14 16 | 16.0
Stealth        | 4 |  4.7
Armour         | 9 12 15 17 22 | 22.8
Maces & Flails | 6 13 | 13.3
Shields        | 7 10 | 10.0

Action                   |  1- 3 |  4- 6 |  7- 9 | 10-12 | 13-15 || total
-------------------------+-------+-------+-------+-------+-------++-------
Melee: Shillelagh        |       |     6 |    23 |    48 |    43 ||   120
       Headbutt          |       |     2 |     6 |    15 |    10 ||    33
       Kick              |       |       |     1 |     2 |    12 ||    15
Invok: Slimify           |       |       |       |     2 |     1 ||     3
 Abil: Evoke Blink       |       |       |       |     1 |       ||     1
Evoke: Wand              |     4 |       |       |     1 |     3 ||     8
       Condenser vane    |       |       |     5 |     5 |     7 ||    17
       Phantom mirror    |       |       |     2 |     5 |     5 ||    12
       Lightning rod     |       |       |       |    14 |       ||    14
       Tin of tremorston |       |       |       |     7 |     7 ||    14
       Box of beasts     |       |       |       |     2 |     2 ||     4
  Use: Potion            |     1 |       |       |       |     1 ||     2
       Scroll            |       |       |       |     2 |     1 ||     3
 Stab: Distracted        |       |       |       |     1 |       ||     1
       Invisible         |       |       |       |       |     1 ||     1
Armor: Gold dragon scale |     1 |     1 |    16 |    48 |    24 ||    90
Dodge: Dodged            |       |       |     2 |     5 |     9 ||    16
Block: Kite shield       |     5 |     3 |    37 |    72 |    67 ||   184

Table legend: (Time is in decaauts)
 A = Elapsed time spent in this place.
 B = Non-inter-level travel time spent in this place.
 C = Inter-level travel time spent in this place.
 D = Time resting spent in this place.
 E = Time spent auto-exploring this place.
 F = Levels seen in this place.
 G = Mean time per level.
                   A        B        C        D        E       F      G
               +--------+--------+--------+--------+--------+-----+--------+
         Total |   1250 |   1250 |      0 |      0 |    327 |   1 | 1250.0 |
       Dungeon |   1250 |   1250 |      0 |      0 |    327 |   1 | 1250.0 |
               +--------+--------+--------+--------+--------+-----+--------+

Top non-repeatable levels by time:
       D: 1250 daAuts
